Map: Romanticide LE

Players

DPGRogue (Rogue)

  • Race: Zerg Zerg

DPGDark (Dark) - Winner!

  • Race: Zerg Zerg
  • League: Master

Event: ASUS ROG Fall 2021

VOD

Have the link to the VOD?

Description

Time

  • Played on: Sept. 19, 2021, 12:39 p.m.
  • Length: 6:50

All games in this series

Show
View Real Time Build Order
Export as new Build Order

DPGRogue Zerg 

Build Orders: Pool First 

Get SALT Encoding   

  12  0:17  Spawning Pool  
  12  0:21  Drone  
  12  0:26  Drone  
  13  0:30  Drone  
  14  0:39  Overlord  
  14  1:04  Zergling x4  
  14  1:05  Zergling x2  
  17  1:15  Zergling x2  
  18  1:27  Zergling x2  
  18  1:30  Hatchery  
  18  1:33  Spine Crawler  
  18  1:38  Hatchery  
  17  1:42  Zergling x2  
  18  1:52  Zergling x2  
  19  1:58  Queen  
  21  2:07  Overlord  
  21  2:21  Drone  
  22  2:30  Drone x2  
  22  2:34  Queen  
  26  2:43  Drone  
  27  2:51  Queen  
  27  2:53  Drone  
  27  2:57  Drone  
  31  3:03  Drone x2  
  33  3:10  Overlord  
  32  3:13  Drone  
  32  3:16  Drone  
  32  3:18  Extractor  
  34  3:20  Drone  
  34  3:26  Zergling x4  
  36  3:31  Drone  
  37  3:35  Drone  
  37  3:40  Drone  
  39  3:47  Drone x2  
  41  3:49  Drone x2  
  41  3:52  Overlord  
  43  4:00  Evolution Chamber  
  43  4:01  Drone x2  
  44  4:05  Overlord  
  44  4:12  Drone x3  
  44  4:13  Drone  
  47  4:23  Drone  
  47  4:24  Drone  
  49  4:25  Zerg Melee Weapons Level 1  
  49  4:29  Drone  
  49  4:30  Drone, Roach Warren  
  49  4:31  Extractor  
  49  4:35  Drone x2  
  51  4:42  Overlord  
  51  4:44  Drone  
  51  4:45  Drone x2  
  54  4:49  Overlord  
  54  5:01  Metabolic Boost  
  54  5:06  Hatchery  
  53  5:11  Baneling Nest  
  53  5:12  Zergling x10  
  57  5:16  Zergling x2  
  58  5:24  Zergling x6  
  60  5:33  Zergling x6, Hatchery  
  62  5:43  Zergling x2, Evolution Chamber  
  62  5:44  Zergling x8  
  62  5:49  Zergling x4  
  66  5:54  Baneling x2  
  66  5:55  Zergling x2, Baneling x6  
  63  5:59  Zergling x2  
  63  6:00  Zergling x4  
  63  6:01  Zergling x2  
  41  6:19  Zergling x6  
  41  6:23  Zergling x2  
  40  6:27  Zergling x2  
Show
View Real Time Build Order
Export as new Build Order

DPGDark Zerg - Winner!

Build Orders: Hatch First 

Get SALT Encoding   

  12  0:00  Drone  
  13  0:12  Overlord  
  13  0:17  Drone  
  14  0:30  Drone x2  
  16  0:48  Hatchery  
  15  0:51  Drone  
  15  0:54  Drone  
  17  0:59  Drone  
  18  1:08  Extractor  
  17  1:14  Spawning Pool  
  17  1:15  Drone  
  17  1:19  Drone  
  18  1:28  Drone  
  19  2:00  Queen x2  
  23  2:02  Zergling x8  
  27  2:17  Zergling x2  
  28  2:29  Overlord  
  27  2:41  Zergling x2  
  28  2:47  Zergling x10  
  33  2:56  Zergling x2  
  34  3:01  Zergling x2  
  35  3:10  Drone  
  35  3:16  Drone  
  35  3:20  Extractor  
  35  3:21  Drone  
  35  3:22  Overlord  
  35  3:26  Overlord  
  35  3:40  Drone x6  
  41  3:51  Drone x3  
  41  3:52  Drone  
  45  3:57  Drone x2  
  45  3:58  Drone  
  45  4:00  Drone  
  49  4:05  Metabolic Boost  
  49  4:07  Drone  
  50  4:11  Drone  
  51  4:19  Overlord  
  51  4:25  Baneling Nest  
  51  4:28  Hatchery  
  49  4:31  Drone  
  49  4:36  Queen  
  52  4:43  Drone x4  
  52  4:45  Extractor  
  55  4:51  Evolution Chamber  
  54  4:53  Drone  
  54  4:55  Overlord  
  55  5:01  Zergling x6  
  55  5:07  Zergling x4  
  60  5:09  Baneling x2  
  60  5:10  Baneling x2  
  60  5:12  Overlord  
  60  5:15  Zergling x8  
  60  5:19  Zergling x2  
  65  5:24  Zergling x6  
  68  5:32  Zergling x4  
  70  5:43  Zergling x2  
  70  5:44  Zergling x6  
  70  5:46  Baneling x4  
  72  5:50  Baneling  
  72  5:51  Zergling x6  
  72  5:53  Zergling x4  
  76  5:57  Queen  
  76  6:02  Baneling  
  75  6:10  Baneling x3  
  73  6:11  Zergling x2  
  73  6:17  Zergling x2  
  66  6:24  Zergling x2  
  66  6:25  Zergling x4  
  66  6:42  Roach Warren  
Tags
 
Add a new tag
Caveats
  • Supply blocks, unpowered buildings, or Contaminate may cause inaccurate times.
  • Supply counts are checked every 10 seconds.